 Dungeon Crawl Stone Soup version 0.24-a0-434-gd57e52fea8 (webtiles) character file.

Game seed: 7949914092202753733

378 Gargoyl the Skirmisher (level 6, 0/52 HPs)
             Began as a Centaur Abyssal Knight on June 17, 2019.
             Was a Believer of Lugonu.
             Killed by nerve-wracking pain
             ... invoked by an orc priest
              (12 damage)
             ... on level 3 of the Dungeon.
             The game lasted 00:08:12 (4139 turns).

Gargoyl the Skirmisher (Centaur Abyssal Knight)     Turns: 4139, Time: 00:08:12

Health: 0/52       AC: 10    Str: 20    XL:     6   Next: 45%
Magic:  8/8        EV:  6    Int: 11    God:    Lugonu [**....]
Gold:   96         SH:  0    Dex: 10    Spells: 5/5 levels left

rFire    + . .     SeeInvis .   a - +1 hand axe
rCold    + . .     Gourm    .   (no shield)
rNeg     . . .     Faith    .   n - +0 chain mail
rPois    +         Spirit   .   d - +0 helmet
rElec    +         Reflect  .   (no cloak)
rCorr    +         Harm     .   g - +0 pair of gloves
MR       .....                  (no barding)
Stlth    ..........             (no amulet)
HPRegen  0.17/turn              (no ring)
MPRegen  0.11/turn              (no ring)

@: mighty, lethally poisoned (0 -> -2), resistant, very quick
A: large, hooves 3, deformed body, speed 2, tough skin 3
a: Depart the Abyss, Bend Space, Renounce Religion


You were on level 3 of the Dungeon.
You worshipped Lugonu.
Lugonu was pleased with you.
You were not hungry.

You visited 1 branch of the dungeon, and saw 4 of its levels.
You visited the Abyss 1 time.

You collected 96 gold pieces.

Inventory:

Hand Weapons
 a - a +1 hand axe (weapon)
Missiles
 i - 10 boomerangs (quivered)
Armour
 d - a +0 helmet (worn)
 g - a +0 pair of gloves (worn)
 n - a +0 chain mail (worn)
Wands
 r - a wand of iceblast (9)
 s - a wand of flame (6)
Scrolls
 f - a scroll of magic mapping
 j - a scroll of identify
 k - a scroll of remove curse
 p - a scroll of enchant armour {unknown}
Potions
 b - a potion of curing {unknown}
 h - 2 potions of invisibility {unknown}
 l - a potion of might
 m - a potion of mutation {unknown}
 o - a potion of lignification {unknown}
 q - a potion of heal wounds {unknown}
Comestibles
 c - 5 rations


   Skills:
 + Level 3.9 Fighting
 + Level 3.5 Axes
 * Level 2.9 Armour
 * Level 1.9 Dodging
 * Level 3.4 Invocations


You had 5 spell levels left.
You didn't know any spells.
Your spell library was empty.

Dungeon Overview and Level Annotations

Branches:
Dungeon (4/15)
 Temple: D:4-7

Altars:
Nemelex Xobeh
Vehumet
Yredelemnul
The Shining One


Innate Abilities, Weirdness & Mutations

You have hooves in place of feet.
Armour fits poorly on your strangely shaped body.
You cover ground very quickly.
You have extremely tough skin. (AC +3)


Message History

The worker ant bites you but does no damage.
You hit the orc priest.
The orc priest is heavily wounded.
Your chain mail prevents you from hitting the worker ant.
The orc priest hits you but does no damage.
The worker ant bites you.
* * * LOW HITPOINT WARNING * * *
You closely miss the orc priest.
You kick the orc priest, but do no damage.
The orc priest is heavily wounded.
You hit the worker ant.
You feel sick. The worker ant bites you.
* * * LOW HITPOINT WARNING * * *
The orc priest hits you with a +0 short sword.
* * * LOW HITPOINT WARNING * * *
It was a potion of might.
You feel very mighty all of a sudden.
The worker ant bites you but does no damage.
The orc priest calls down the wrath of Beogh upon you.
Pain shoots through your body!
You die...

####..######.###
###...##.......#
#.....#.###.#.#
##...##.# #.#.#
####..##.###.#.#
.............#.###
####.#########)..# ###
##÷## ###.# #≈# ##...##
####@###≈## ##.....##
#..oa...≈.# #.......##
#.......≈.#
.........####.......≈.#
.........).[[......#≈##
.........####......#≈#
#.......## #......#≈#
##.....## #......###
##...## ##.#####


You could see a worker ant and an orc priest.

Vanquished Creatures
  A scorpion (D:4)
  A howler monkey (D:3)
  Ijyb (D:3)
  Terence (D:3)
  A worker ant (D:4)
  3 gnolls (D:2)
  7 adders
  3 worms
  2 dart slugs
  2 leopard geckos (D:3)
  27 orcs
  7 bats
  9 giant cockroaches
  3 goblins (D:3)
  5 hobgoblins
  2 jackals (D:3)
  3 kobolds
  A quokka (D:2)
  A ball python (D:2)
  3 frilled lizards
  8 rats
91 creatures vanquished.

Vanquished Creatures (others)
  2 orcs (D:3)
2 creatures vanquished.

Grand Total: 93 creatures vanquished

Notes
Turn   | Place    | Note
-------+----------+-------------------------------------------
     0 | Abyss:1  | Gargoyl the Centaur Abyssal Knight began the quest for the
                  | Orb.
     0 | Abyss:1  | Reached XP level 1. HP: 19/19 MP: 2/2
    31 | Abyss:1  | Found a corrupted altar of Lugonu.
    65 | Abyss:1  | Noticed a small abomination
    72 | Abyss:1  | Found an opulent altar of Gozag.
   111 | D:1      | Escaped the Abyss
   806 | D:2      | Reached XP level 2. HP: 26/26 MP: 3/3
   868 | D:2      | Found a sparkling altar of Nemelex Xobeh.
   870 | D:2      | Reached * piety under Lugonu
   883 | D:2      | Reached skill level 1 in Dodging
  1065 | D:2      | Reached XP level 3. HP: 23/31 MP: 4/4
  1519 | D:2      | Reached XP level 4. HP: 38/38 MP: 5/5
  1609 | D:2      | Found a radiant altar of Vehumet.
  2222 | D:3      | Reached ** piety under Lugonu
  2324 | D:3      | Found a glowing golden altar of the Shining One.
  2329 | D:3      | Noticed an angel
  2738 | D:3      | Noticed Terence
  2753 | D:3      | Killed Terence
  2753 | D:3      | Reached XP level 5. HP: 36/45 MP: 7/7
  3327 | D:3      | Noticed Ijyb
  3358 | D:3      | Killed Ijyb
  3582 | D:3      | Found a basalt altar of Yredelemnul.
  3589 | D:3      | Noticed a profane servitor
  3787 | D:4      | Reached XP level 6. HP: 50/52 MP: 8/8
  4139 | D:3      | Killed from afar by an orc priest

Levels and vault maps discovered:
D:1:      dpeg_arrival_pits, layout_loops_cross, minivault_23,
          solitary_fountain, minmay_misc_feat_rugged
D:2:      layout_basic, fiery_altar_vehumet, nemelex_xobeh_ov_fountains_minmay,
          first_ration
D:3:      layout_loops_corners, grunt_temple_overflow_holy_war,
          chequers_serial_rivers_micro_a, uniq_terence, uniq_ijyb
D:4:      layout_cave_pools, minmay_temple_entry_mini_moons, kennysheep_donut

Skill      XL: |  1  2  3  4  5 |
---------------+----------------+-----
Dodging        | 1 |  1.9
Axes           | 2 3 |  3.5
Armour         | 2 |  2.9
Invocations    | 3 |  3.4
Fighting       | |  3.9

Action                   |  1- 3 |  4- 6 || total
-------------------------+-------+-------++-------
Melee: Hand axe          |    83 |   231 ||   314
       Kick              |    15 |    37 ||    52
Throw: Boomerang         |       |     8 ||     8
Invok: Depart the Abyss  |     1 |       ||     1
  Use: Scroll            |     7 |       ||     7
       Potion            |       |     2 ||     2
  Eat: Chunk             |     1 |     8 ||     9
Armor: Ring mail         |     5 |       ||     5
       Chain mail        |    47 |   185 ||   232
       Leather armour    |     2 |       ||     2
Dodge: Dodged            |    23 |    83 ||   106

Table legend:
 A = Non-vault XP
 B = Vault XP
 C = Vault XP percentage of total XP
 D = Non-vault monster count
 E = Vault monster count
 F = Vault count percentage of total count
                 A         B        C        D         E       F
            +---------+---------+-------+---------+---------+-------
      Total |     468 |      72 |  13.3 |      89 |       2 |   2.2
            +---------+---------+-------+---------+---------+-------
        D:1 |      11 |       0 |   0.0 |       7 |       0 |   0.0
        D:2 |      94 |       0 |   0.0 |      24 |       0 |   0.0
        D:3 |     214 |      72 |  25.2 |      52 |       2 |   3.7
        D:4 |     149 |       0 |   0.0 |       6 |       0 |   0.0
            +---------+---------+-------+---------+---------+-------
